 Dungeon Crawl Stone Soup version 0.30-a0-723-gc1506a1cf0 (webtiles) character file.

Game seed: 1968932589683241083

424 Newt the Cudgeller (level 6, -2/48 HPs)
             Began as a Demonspawn Gladiator on Jan 28, 2023.
             Was an Initiate of Makhleb.
             Engulfed by a steam dragon's steam (18 damage)
             ... on level 4 of the Dungeon.
             The game lasted 00:03:46 (2649 turns).

Newt the Cudgeller (Demonspawn Gladiator)           Turns: 2649, Time: 00:03:47

Health: -2/48      AC: 14    Str: 17    XL:     6   Next: 64%
Magic:  6/6        EV: 12    Int:  9    God:    Makhleb [......]
Gold:   184        SH:  0    Dex: 19    Spells: 5/5 levels left

rFire   x . .      SeeInvis .    o - +6 mace (freeze)
rCold   + . .      Faith    .    (no shield)
rNeg    + . .      Spirit   .    b - +0 leather armour
rPois   .          Reflect  .    c - +0 helmet
rElec   .          Harm     .    m - +0 cloak
rCorr   .          Rampage  .    (no gloves)
Will    .....                    (no boots)
Stlth   +                        j - amulet of regeneration
HPRegen 1.08/turn                n - ring of positive energy
MPRegen 0.20/turn                r - ring "Hoganuttolu" {Ice Dex+5}

@: sanguine armoured, very slow
A: magic regeneration, sanguine armour 2, condensation shield
a: Renounce Religion


You were on level 4 of the Dungeon.
You worshipped Makhleb.
Makhleb was noncommittal.
You visited 2 branches of the dungeon, and saw 5 of its levels.

You collected 184 gold pieces.

Inventory:

Hand Weapons
 a - a +0 rapier
 o - a +6 mace of freezing (weapon)
Missiles
 d - 4 throwing nets (quivered)
 e - a javelin
Armour
 b - a +0 leather armour (worn)
 c - a +0 helmet (worn)
 m - a +0 cloak (worn)
Jewellery
 j - an amulet of regeneration (around neck)
 n - a ring of positive energy (left hand)
 r - the ring "Hoganuttolu" (right hand) {Ice Dex+5}
   (You found it on level 4 of the Dungeon)

   [ring of ice]

   It enhances your ice magic.
   Dex:       It affects your dexterity (+5).
   rF:        It makes you vulnerable to fire.
   rC:        It protects you from cold.
Wands
 q - a wand of quicksilver (15)
 t - a wand of flame (16)
Scrolls
 g - 2 scrolls of amnesia
 h - a scroll of blinking
 s - a scroll of noise
 v - a scroll of fear {unknown}
Potions
 f - a potion of might
 i - 3 potions of curing
 k - 3 potions of heal wounds
 l - a potion of attraction
 p - 2 potions of brilliance
 u - a potion of degeneration {unknown}


   Skills:
 - Level 4.0 Fighting
 - Level 2.6 Short Blades
 + Level 4.8 Maces & Flails
 - Level 1.7 Throwing
 - Level 2.6 Dodging
 - Level 2.0 Stealth


You had 5 spell levels left.
You didn't know any spells.
Your spell library contained the following spells:

 Spells                   Type           Power      Damage    Failure   Level
 Gell's Gravitas          Tloc           0%         N/A       83%         3
 Teleport Other           Tloc           0%         N/A       83%         3
 Conjure Ball Lightning   Conj/Air       0%         3x3d6     100%        6
 Dispersal                Tloc           0%         N/A       100%        6
 Discord                  Hex            0%         N/A       100%        8
 Disjunction              Tloc           0%         N/A       100%        8


Dungeon Overview and Level Annotations

Branches:
Dungeon (4/15)             Temple (1/1) D:4

Altars:
Ashenzari
Dithmenos
Fedhas
Gozag
Hepliaklqana
Kikubaaqudgha
Makhleb
Nemelex Xobeh
Ru
Sif Muna
Trog
Vehumet
Xom
Yredelemnul


Innate Abilities, Weirdness & Mutations

You regenerate magic rapidly.
When seriously injured, your blood forms thick armour. (AC +9)
A meltable shield of frost defends you. (SH +0)


Message History

Makhleb accepts your kill.
The endoplasm hits you but does no damage.
You sock the endoplasm! You freeze the endoplasm.
You kill the endoplasm!
Makhleb accepts your kill.
No target in view!
v - a scroll labelled UGUEZA DEER
p - 2 potions of brilliance (gained 1)
Found a stone staircase leading down.
Found a dagger.
There is a stone staircase leading down here.
No target in view!
No target in view!
A steam dragon comes into view.
A steam dragon is nearby!
The steam dragon breathes steam at you. The ball of steam hits you!
Your condensation shield dissipates!
The steam scalds you terribly!
You hear a bark!
No target in view!
No target in view!
Unknown command.
You enter the shallow water.
Moving in this stuff is going to be slow.
You completely miss the steam dragon.
A hound comes into view.
The steam dragon bites you! The steam dragon misses you.
You hit the steam dragon. You freeze the steam dragon.
The steam dragon is moderately wounded.
The steam dragon bites you but does no damage.
The steam dragon claws you.
Your unstable footing causes you to fumble your attack.
The steam dragon breathes steam at you. The ball of steam hits you!!
The steam scalds you terribly!
Your blood congeals into armour.
You hit the steam dragon but do no damage.
The steam dragon is moderately wounded.
You are engulfed in a cloud of scalding steam.
You die...

.............####.#
..............(...#
######...##.....###
###.##..§~~..#
########....~§§~h.# ###.
#.......###~§~§§§§#.....
........# #§§§>§§§#.....
........###§~§§§§§......
...........§~~§~@D......
........###§§§~~........
........# ###....##.....
........# #....# ....
........# #....# ...
........# #.#### ##
#.......# ##.# ).......#
#..# ........####.##


You could see a steam dragon (catching breath) and a hound.

Vanquished Creatures
  Sigmund (D:3)
  2 orc priests (D:3)
  Jessica (D:2)
  Natasha (thrice) (D:2)
  An adder (D:2)
  2 shadow imps (D:3)
  An ufetubus (D:4)
  3 worms
  5 ball pythons
  6 bats
  5 endoplasms
  4 giant cockroaches
  9 goblins
  9 hobgoblins
  2 quokkas
  4 frilled lizards
  7 kobolds
  3 rats
68 creatures vanquished.

Notes
Turn   | Place    | Note
-------+----------+-------------------------------------------
     0 | D:1      | Newt the Demonspawn Gladiator began the quest for the Orb.
     0 | D:1      | Reached XP level 1. HP: 16/16 MP: 1/1
    60 | D:1      | Reached skill level 1 in Stealth
   154 | D:1      | Gained mutation: When seriously injured, your blood forms
                  | armour. (AC +9) [demonic ancestry]
   154 | D:1      | Reached XP level 2. HP: 20/22 MP: 2/2
   916 | D:2      | Noticed Natasha
   923 | D:2      | Killed Natasha
   924 | D:2      | Gained mutation: You regenerate magic rapidly. [demonic
                  | ancestry]
   924 | D:2      | Reached XP level 3. HP: 22/29 MP: 3/3
  1175 | D:2      | Noticed Jessica
  1180 | D:2      | Killed Jessica
  1181 | D:2      | Gained mutation: A meltable shield of frost defends you.
                  | (SH +0) [demonic ancestry]
  1181 | D:2      | Reached XP level 4. HP: 37/37 MP: 4/4
  1208 | D:2      | Noticed Natasha
  1216 | D:2      | Killed Natasha
  1217 | D:2      | Reached skill level 1 in Maces & Flails
  1462 | D:2      | Reached XP level 5. HP: 40/42 MP: 5/5
  1486 | D:2      | Noticed Natasha
  1496 | D:2      | Killed Natasha
  1726 | D:3      | Found a transporter.
  1762 | D:3      | Found a transporter.
  1853 | D:3      | Noticed Sigmund
  1911 | D:3      | Killed Sigmund
  1912 | D:3      | Gained mutation: When seriously injured, your blood forms
                  | thick armour. (AC +9) [demonic ancestry]
  1912 | D:3      | Reached XP level 6. HP: 43/48 MP: 6/6
  2469 | D:4      | Identified the ring "Hoganuttolu" {Ice Dex+5}
  2497 | D:4      | Found a staircase to the Ecumenical Temple.
  2521 | Temple   | Entered the Ecumenical Temple
  2569 | Temple   | Became a worshipper of Makhleb the Destroyer
  2641 | D:4      | Noticed a steam dragon
  2649 | D:4      | Engulfed by a steam dragon's steam

Illustrated notes

Levels and vault maps discovered:
D:1:      evilmike_arrival_plus, layout_basic, minmay_distorted
D:2:      layout_basic, grunt_ministairs_15, minmay_tetromino_t4, uniq_natasha,
          uniq_jessica
D:3:      gammafunk_wand_slinger, layout_loops_ring, minmay_misc_feat_x,
          uniq_sigmund
D:4:      layout_basic, minmay_temple_entry_mist
Temple:   hellmonk_temple_of_storms

Skill      XL: |  1  2  3  4  5 |
---------------+----------------+-----
Stealth        | 1 2 |  2.0
Fighting       | 3 4 |  4.0
Maces & Flails | 2 4 |  4.8
Short Blades   | |  2.6
Throwing       | |  1.7
Dodging        | |  2.6

Action                     |  1- 3 |  4- 6 || total
---------------------------+-------+-------++-------
  Melee: Rapier            |    55 |       ||    55
         Mace              |    20 |    65 ||    85
  Throw: Dart              |       |     3 ||     3
  Evoke: Wand              |       |    11 ||    11
    Use: Scroll            |     6 |     6 ||    12
         Potion            |       |     1 ||     1
   Stab: Sleeping          |     4 |     4 ||     8
         Distracted        |     1 |     1 ||     2
 Armour: Leather armour    |    13 |    22 ||    35
  Dodge: Dodged            |    49 |    31 ||    80
  Block: Other             |       |    18 ||    18

Table legend: (Time is in decaauts)
 A = Elapsed time spent in this place.
 B = Non-inter-level travel time spent in this place.
 C = Inter-level travel time spent in this place.
 D = Time resting spent in this place.
 E = Time spent auto-exploring this place.
 F = Levels seen in this place.
 G = Mean time per level.
                   A        B        C        D        E       F      G
               +--------+--------+--------+--------+--------+-----+--------+
         Total |   2681 |   2418 |    263 |    127 |   1726 |   5 |  536.2 |
       Dungeon |   2611 |   2383 |    228 |    127 |   1704 |   4 |  652.8 |
        Temple |     69 |     34 |     35 |      0 |     22 |   1 |   69.0 |
               +--------+--------+--------+--------+--------+-----+--------+

Top non-repeatable levels by time:
     D:1: 891 daAuts
     D:3: 856 daAuts
     D:2: 726 daAuts
     D:4: 137 daAuts
  Temple: 69 daAuts
